Map: Pillars of Gold LE

Players

RAGNAROK (SHIN)

  • Race: Zerg Zerg
  • League: Master
  • Spawn Location: 7:00

Solar - Winner!

  • Race: Zerg Zerg
  • League: Master
  • Spawn Location: 1:00

Event: Cheeseadelphia Winter Championship 2021

VOD

Have the link to the VOD?

Description

Time

  • Played on: Jan. 24, 2021, 2:13 p.m.
  • Length: 10:01

All games in this series

Show
View Real Time Build Order
Export as new Build Order

RAGNAROK Zerg 

Build Orders: Hatch First, Muta Ling Bane 

Get SALT Encoding   

  12  0:00  Drone  
  13  0:13  Overlord  
  13  0:17  Drone  
  14  0:32  Drone x2  
  16  0:50  Hatchery  
  16  0:52  Drone  
  16  0:56  Drone  
  17  1:01  Drone  
  18  1:10  Extractor  
  17  1:15  Spawning Pool  
  16  1:18  Drone  
  16  1:22  Drone  
  18  1:31  Drone  
  19  1:48  Drone  
  19  1:51  Drone  
  21  2:01  Queen  
  21  2:02  Zergling x2, Queen  
  21  2:03  Drone  
  27  2:10  Metabolic Boost  
  27  2:12  Overlord  
  27  2:15  Drone  
  28  2:31  Drone  
  28  2:32  Drone  
  28  2:33  Drone  
  28  2:34  Drone  
  32  2:43  Hatchery  
  31  2:46  Drone  
  31  2:55  Baneling Nest  
  31  2:57  Queen  
  32  2:59  Drone  
  32  3:04  Overlord  
  33  3:08  Zergling x2  
  33  3:09  Zergling x2  
  35  3:23  Drone x6  
  35  3:25  Drone  
  42  3:33  Evolution Chamber  
  41  3:34  Zergling x2  
  41  3:35  Zergling x2  
  41  3:41  Overlord  
  43  3:42  Drone  
  43  3:54  Overlord  
  43  3:55  Drone x5  
  48  4:03  Lair  
  48  4:06  Drone x4  
  48  4:07  Extractor, Baneling  
  52  4:10  Drone  
  52  4:11  Drone  
  52  4:13  Extractor  
  52  4:14  Drone  
  52  4:15  Extractor  
  52  4:16  Drone  
  53  4:21  Roach Warren  
  53  4:23  Drone  
  53  4:26  Overlord  
  53  4:30  Drone x2  
  55  4:34  Overlord  
  55  4:39  Zergling x8  
  60  4:45  Zergling x8  
  60  4:51  Overlord  
  63  4:55  Zergling x2, Baneling x5  
  64  5:05  Drone  
  64  5:06  Spire  
  64  5:08  Zergling x8  
  64  5:13  Overseer  
  66  5:21  Zerg Melee Weapons Level 1  
  66  5:26  Drone  
  66  5:27  Drone x7  
  73  5:32  Extractor  
  73  5:33  Extractor  
  73  5:34  Overlord  
  71  5:41  Overlord  
  71  5:50  Drone x3  
  74  5:58  Drone x3  
  77  6:12  Overlord  
  77  6:17  Mutalisk x9  
  95  6:21  Mutalisk  
  97  6:28  Drone x6  
  103  6:34  Zerg Flyer Weapons Level 1  
  103  6:35  Drone x4  
  103  6:39  Centrifical Hooks  
  107  6:53  Overlord, Hatchery  
  106  6:58  Mutalisk x3  
  112  7:02  Overlord x2  
  112  7:04  Mutalisk  
  114  7:14  Mutalisk x2  
  118  7:17  Drone x4  
  122  7:24  Zerg Melee Weapons Level 2  
  122  7:25  Drone x8  
  122  7:28  Overlord  
  122  7:29  Overlord  
  130  7:38  Drone x3  
  130  7:39  Queen  
  130  7:42  Overlord  
  130  7:43  Overseer  
  135  7:47  Baneling x13  
  135  7:48  Baneling  
  135  7:49  Baneling  
  135  7:56  Drone  
  135  7:57  Zergling x14, Overseer  
  143  8:06  Drone  
  143  8:08  Overlord  
  143  8:09  Drone, Infestation Pit  
  143  8:10  Drone x4  
  143  8:12  Extractor  
  147  8:19  Hatchery  
  146  8:22  Overlord  
  146  8:24  Zergling x2  
  146  8:25  Zergling x8  
  151  8:27  Zergling x10  
  156  8:35  Baneling x3  
  156  8:36  Baneling x2  
  156  8:40  Extractor  
  155  8:42  Zergling x16  
  163  8:51  Overlord x2  
  163  8:52  Zergling x10  
  168  8:56  Zergling x6  
  168  8:59  Zergling x2  
  170  9:04  Zergling x4, Overlord  
  170  9:05  Zergling x2  
  170  9:06  Baneling x21  
  170  9:07  Baneling  
  173  9:16  Zergling x20  
  171  9:20  Baneling x8  
  171  9:23  Zergling x6  
  167  9:25  Zergling x2  
  167  9:29  Zergling x4  
  160  9:33  Zergling x6  
  160  9:34  Zergling x4  
Show
View Real Time Build Order
Export as new Build Order

Solar Zerg - Winner!

Build Orders: Hatch First 

Get SALT Encoding   

  12  0:00  Drone  
  13  0:12  Overlord  
  13  0:17  Drone  
  14  0:31  Drone x2  
  16  0:49  Hatchery  
  15  0:52  Drone  
  15  0:56  Drone  
  17  1:00  Drone  
  18  1:09  Extractor  
  17  1:15  Spawning Pool  
  16  1:18  Drone  
  16  1:21  Drone  
  18  1:28  Drone  
  19  1:39  Drone  
  20  1:51  Drone  
  21  2:01  Queen x2  
  21  2:02  Zergling x2  
  21  2:03  Overlord  
  26  2:11  Drone  
  26  2:12  Drone  
  26  2:13  Metabolic Boost  
  28  2:22  Drone  
  29  2:23  Drone  
  30  2:38  Hatchery  
  30  2:39  Drone  
  30  2:47  Queen  
  30  2:51  Drone  
  33  2:54  Baneling Nest  
  32  2:58  Overlord  
  32  3:02  Drone  
  32  3:04  Zergling x2  
  34  3:06  Drone  
  34  3:08  Drone  
  36  3:18  Zergling x4, Drone x2  
  40  3:21  Drone  
  40  3:26  Evolution Chamber  
  40  3:28  Zergling x4  
  40  3:32  Overlord  
  41  3:35  Drone  
  41  3:40  Drone  
  43  3:50  Drone x2  
  43  3:51  Drone x3  
  43  3:53  Zerg Missile Weapons Level 1  
  43  3:55  Overlord  
  48  3:59  Drone  
  48  4:00  Drone  
  48  4:01  Drone  
  48  4:02  Drone  
  52  4:04  Drone  
  53  4:10  Drone x2  
  53  4:13  Drone x3  
  53  4:15  Drone  
  59  4:23  Zergling x2, Roach Warren  
  59  4:24  Baneling  
  59  4:25  Drone  
  59  4:27  Overlord  
  59  4:29  Drone x2  
  59  4:30  Drone  
  62  4:32  Drone  
  62  4:33  Drone  
  62  4:35  Zergling x2  
  65  4:39  Lair  
  65  4:44  Extractor  
  64  4:46  Extractor  
  64  4:47  Drone x5  
  64  4:48  Zergling x2  
  64  4:50  Drone  
  64  4:51  Zergling x2  
  71  4:53  Extractor x2  
  71  4:54  Drone x2  
  71  4:56  Overlord  
  71  4:58  Drone  
  72  5:03  Zergling x2  
  72  5:04  Zergling x2  
  72  5:06  Overlord  
  74  5:10  Zergling x2, Baneling  
  74  5:11  Baneling x3  
  74  5:12  Overlord  
  74  5:13  Overlord  
  73  5:16  Roach x2  
  73  5:19  Roach x2  
  81  5:26  Overlord  
  81  5:28  Overlord  
  81  5:30  Overlord  
  81  5:34  Drone x5, Pneumatized Carapace  
  81  5:35  Drone  
  86  5:38  Extractor  
  86  5:39  Overseer  
  86  5:41  Baneling x2  
  89  5:43  Roach x2  
  89  5:46  Overlord  
  89  5:52  Drone  
  89  5:53  Drone  
  91  5:57  Drone  
  91  5:58  Overseer  
  91  6:02  Drone  
  93  6:04  Overlord  
  93  6:06  Roach x3  
  93  6:08  Drone  
  93  6:09  Drone  
  93  6:11  Queen x2, Infestation Pit  
  100  6:12  Drone  
  100  6:14  Drone  
  100  6:15  Drone  
  100  6:16  Drone  
  108  6:19  Overlord  
  108  6:22  Queen  
  108  6:25  Drone  
  111  6:27  Spore Crawler  
  111  6:30  Spore Crawler  
  111  6:31  Spore Crawler  
  108  6:33  Spore Crawler  
  108  6:35  Overlord  
  108  6:36  Spore Crawler  
  108  6:37  Spore Crawler  
  109  6:40  Roach x2  
  109  6:42  Overlord  
  109  6:43  Drone  
  109  6:45  Zerg Missile Weapons Level 2  
  110  6:50  Drone  
  110  6:51  Queen  
  110  6:53  Pathogen Glands  
  113  7:00  Overlord, Queen  
  115  7:02  Drone  
  115  7:05  Spore Crawler  
  115  7:06  Hydralisk Den  
  114  7:12  Roach  
  116  7:20  Roach  
  118  7:22  Infestor  
  118  7:23  Infestor x4  
  118  7:24  Infestor  
  118  7:25  Overlord  
  118  7:29  Drone  
  131  7:40  Queen  
  131  7:42  Grooved Spines, Hydralisk x4  
  141  7:44  Overlord  
  141  7:45  Overlord  
  141  7:47  Hydralisk  
  141  7:49  Overlord  
  141  7:50  Overlord  
  143  7:51  Roach  
  143  7:58  Hydralisk x2, Spore Crawler, Drone  
  146  8:01  Overlord  
  146  8:05  Hydralisk x2  
  153  8:13  Hydralisk x4  
  153  8:16  Roach  
  153  8:17  Roach  
  165  8:24  Roach x2  
  168  8:28  Hydralisk  
  169  8:34  Hydralisk x2  
  169  8:39  Hydralisk x2  
  177  8:42  Hydralisk  
  179  8:51  Hydralisk x2  
  179  8:52  Roach x2  
  187  8:59  Hydralisk x2  
  191  9:08  Spore Crawler  
  191  9:09  Hydralisk  
  192  9:12  Roach x7  
  192  9:15  Hydralisk  
  188  9:17  Roach  
  188  9:24  Hydralisk x2  
  188  9:28  Zergling x6  
  194  9:37  Hydralisk  
  162  9:47  Drone x2  
Tags
 
Add a new tag
Caveats
  • Supply blocks, unpowered buildings, or Contaminate may cause inaccurate times.
  • Supply counts are checked every 10 seconds.